 Dungeon Crawl Stone Soup version 0.30.0-16-gbe6223bb7e (webtiles) character file.

Game seed: 6539649890528689383

11872 bmack86 the Thaumaturge (level 12, -10/85 HPs)
             Began as a Djinni Transmuter on May 20, 2023.
             Was a High Priest of Makhleb.
             Mangled by a two-headed ogre
             ... wielding a +0 giant club
              (11 damage)
             ... on level 11 of the Dungeon.
             The game lasted 00:42:49 (8382 turns).

bmack86 the Thaumaturge (Djinni Transmuter)         Turns: 8382, Time: 00:42:50

Health: -10/85     AC:  4    Str: 11    XL:     12   Next: 13%
Gold:   589        EV: 13    Int: 18    God:    Makhleb [*****.] SH:  7 Dex: 14

rFire   + + +        q - +12 hand axe "Beetle's Doom" {distort, rElec}
rCold   x . .        K - +0 kite shield
rNeg    . . .        w - +4 steam dragon scales
rPois   ∞            e - +0 helmet
rElec   +            I - +0 cloak
rCorr   .            (no gloves)
SInv    .            (boots unavailable)
Will    +....        n - amulet of regeneration
Stlth   +            z - ring of wizardry
HPRegen 1.14/turn    g - ring of protection from fire
MPRegen 0.00/turn

%: wizardry (x1), infuse magic (-11 HP)
@: corroded, flying
A: sickness immunity, fire resistance 2, cold vulnerability 1, float, innate
caster, HP casting, extra vitality 1
a: Renounce Religion, Minor Destruction, Lesser Servant of Makhleb, Major
Destruction, Greater Servant of Makhleb


You were on level 11 of the Dungeon.
You worshipped Makhleb.
Makhleb was extremely pleased with you.
You visited 2 branches of the dungeon, and saw 12 of its levels.

You collected 589 gold pieces.

Inventory:

Hand Weapons
 q - the +12 hand axe "Beetle's Doom" (weapon) {distort, rElec}
   (You found it on level 2 of the Dungeon)

   rElec:     It insulates you from electricity.
Missiles
 c - 47 poisoned darts
 B - 6 javelins
 L - 2 throwing nets
Armour
 a - a +1 robe
 e - a +0 helmet (worn)
 w - +4 steam dragon scales (worn)
 A - a +1 hat
 I - a +0 cloak (worn)
 K - a +0 kite shield (worn)
Jewellery
 f - the ring "Onos" {Fire Int-4 Dex+3 Stlth+}
   (You found it on level 7 of the Dungeon)

   [ring of fire]

   It enhances your fire magic.
   Int:       It affects your intelligence (-4).
   Dex:       It affects your dexterity (+3).
   rF:        It protects you from fire.
   rC:        It makes you vulnerable to cold.
   Stlth:     It makes you more stealthy.
 g - a ring of protection from fire (right hand)
 j - an amulet of faith
 n - an amulet of regeneration (around neck)
 y - a +6 ring of strength
 z - a ring of wizardry (left hand)
 F - a ring of protection from fire
Wands
 i - a wand of iceblast (3)
 k - a wand of polymorph (13)
 C - a wand of light (13)
 J - a wand of paralysis (9)
Scrolls
 o - 2 scrolls of teleportation
 p - a scroll of fog
 u - 3 scrolls of poison
 v - 4 scrolls of vulnerability
 x - 2 scrolls of magic mapping
 D - 2 scrolls of silence
 H - 2 scrolls of blinking
 N - a scroll of summoning {unknown}
Potions
 b - 5 potions of lignification
 d - 3 potions of curing
 h - a potion of cancellation
 l - a potion of magic {unknown}
 m - 2 potions of brilliance
 r - 2 potions of berserk rage
 t - a potion of haste
 E - 2 potions of attraction {unknown}
 G - 3 potions of mutation
 M - a potion of resistance {unknown}
Miscellaneous
 s - a piece from Xom's chessboard (9/15) (quivered)


   Skills:
 + Level 7.1 Fighting
 + Level 5.9 Axes
 + Level 4.2 Armour
 + Level 7.4 Dodging
 - Level 4.5 Unarmed Combat
 * Level 8.1 Spellcasting
 + Level 6.6 Invocations
 + Level 4.2 Evocations


You knew the following spells:

 Your Spells              Type           Power      Damage    Failure   Level
a - Beastly Appendage     Tmut           72%        N/A       1%          1
b - Wereblood             Tmut           36%        N/A       1%          2
c - Spider Form           Tmut/Pois      36%        N/A       2%          3
d - Ice Form              Ice/Tmut       36%        N/A       7%          4
e - Slow                  Hex            100%       N/A       1%          1
f - Momentum Strike       Conj/Tloc      72%        3d10      1%          2
g - Frozen Ramparts       Ice            72%        1d11      2%          3
h - Portal Projectile     Hex/Tloc       72%        N/A       2%          3
i - Dispel Undead         Necr           36%        3d15      7%          4
Your spell library was empty.

Dungeon Overview and Level Annotations

Branches:
Dungeon (11/15)            Temple (1/1) D:7            Lair (0/5) D:10
    Orc: D:9-12

Altars:
Dithmenos
Fedhas
Gozag
Makhleb
Nemelex Xobeh
Okawaru
Qazlal
Ru
Trog
Uskayaw
Wu Jian
Xom
Yredelemnul
Zin
The Shining One

Annotations:
D:1 1 runed translucent door
Abyss:1 Blork the orc, Nergalle


Innate Abilities, Weirdness & Mutations

You are immune to sickness and miasma.
You are immune to poison.
Your flesh is very heat resistant. (rF++)
You are vulnerable to cold. (rC-)
You float through the air rather than walking.
You learn spells naturally, not from books.
Your magical power is your life essence.
You have superior vitality. (+4 MHP)


Message History

A two-headed ogre comes into view. It is wielding two +0 giant clubs.
The two-headed ogre shouts in stereo!
You hit the orc.
Space warps around the orc.
The orc is severely wounded.
The orc hits you but does no damage. x2
You hit the orc.
You kill the orc!
Makhleb accepts your kill.
You slash the orc!
You kill the orc!
Makhleb accepts your kill. The acid dragon bites you.
The acid dragon claws you but does no damage.
You slash the acid dragon!
Space warps horribly around the acid dragon!
The acid dragon is almost dead.
The acid dragon spits acid at you. The splash of acid hits you!!
The acid corrodes you! The acid dragon spits acid at you.
The splash of acid hits you! The acid corrodes you!
The orc warrior shouts!
You hit the acid dragon.
You kill the acid dragon!
Makhleb accepts your kill.
You feel better.
The orc throws a boomerang.
The boomerang misses you.
You hit the two-headed ogre.
Space warps horribly around the two-headed ogre!
The two-headed ogre is moderately wounded.
The two-headed ogre closely misses you. The two-headed ogre misses you.
You slash the two-headed ogre!
Space warps around the two-headed ogre.
The two-headed ogre is heavily wounded.
The two-headed ogre hits you with a +0 giant club! x2
* * * LOW HITPOINT WARNING * * *
You hit the two-headed ogre.
Space warps horribly around the two-headed ogre!
The two-headed ogre is severely wounded.
The two-headed ogre hits you with a +0 giant club!!
* * * LOW HITPOINT WARNING * * *
The two-headed ogre hits you with a +0 giant club!
You die...

##..### #.....## #
#.....>## #. ##.......##
... #.........### ....
#............ .....
#####............
....o.##......).[.....>.
.....oO@...#...........#
......######.....>..####
..... #....###### ###.
###### #


You could see a two-headed ogre, an orc warrior and an orc.

Vanquished Creatures
  2 two-headed ogres (D:10)
  Pikel (D:6)
  The ghost of JanusIIV the Spear-Bearer, a novice MfWr (D:6)
  Joseph (D:7)
  Maggie (D:8)
  Psyche (D:8)
  Grinder (D:6)
  16 yaks
  2 wraiths
  A steam dragon (D:8)
  An acid dragon (D:11)
  A water moccasin (D:8)
  2 black bears
  3 ice beasts
  3 orc warriors
  3 ogres
  2 centaurs
  2 lemures (D:6)
  4 kobold brigands
  2 phantoms
  4 bullfrogs
  4 scorpions
  2 gnoll sergeants
  4 wights (D:8)
  18 killer bees
  3 howler monkeys
  3 hounds
  2 jellies
  5 iguanas
  5 orc priests
  7 orc wizards
  11 gnolls
  12 adders
  3 white imps
  2 worms
  A dart slug (D:1)
  35 orcs
  9 ball pythons
  6 bats
  10 endoplasms
  2 giant cockroaches
  3 goblins
  10 hobgoblins
  3 jackals (D:3)
  30 kobolds
  2 quokkas
  4 frilled lizards
  4 rats
254 creatures vanquished.

Vanquished Creatures (others)
  An orc (D:8)
  A kobold (D:8)
2 creatures vanquished.

Grand Total: 256 creatures vanquished

Notes
Turn   | Place    | Note
-------+----------+-------------------------------------------
     0 | D:1      | bmack86 the Djinni Transmuter began the quest for the Orb.
     0 | D:1      | bmack86 set off with the following spells memorised:
                  | Beastly Appendage, Wereblood, Spider Form, Ice Form.
     0 | D:1      | Reached XP level 1. HP: 17/17 MP: 0/0
     0 | D:1      | Noticed a jelly
     1 | D:1      | Found a runed translucent door.
   112 | D:1      | Reached XP level 2. HP: 19/22 MP: 0/0
   449 | D:1      | Reached skill level 2 in Spellcasting
   454 | D:1      | Found a faded altar of an unknown god.
   979 | D:2      | Reached XP level 3. HP: 27/27 MP: 0/0
   979 | D:2      | Learned a level 1 spell: Slow
  1181 | D:2      | Identified the +12 hand axe "Beetle's Doom" {distort,
                  | rElec}
  1344 | D:2      | Reached XP level 4. HP: 32/32 MP: 0/0
  2069 | D:3      | Found an opulent altar of Gozag.
  2069 | D:3      | Found an ornate altar of the Wu Jian Council.
  2070 | D:3      | Found a hide-covered altar of Uskayaw.
  2070 | D:3      | Found a glowing golden altar of the Shining One.
  2072 | D:3      | Found a burning altar of Makhleb.
  2072 | D:3      | Found a blossoming altar of Fedhas.
  2072 | D:3      | Found a bloodstained altar of Trog.
  2080 | D:3      | Noticed a centaur
  2094 | D:3      | Killed a centaur
  2095 | D:3      | Reached skill level 1 in Axes
  2095 | D:3      | Reached skill level 3 in Spellcasting
  2095 | D:3      | Reached XP level 5. HP: 6/38 MP: 0/0
  2095 | D:3      | Learned a level 2 spell: Momentum Strike
  2153 | D:3      | Became a worshipper of Makhleb the Destroyer
  2679 | D:4      | Reached XP level 6. HP: 43/43 MP: 0/0
  2878 | D:4      | Reached * piety under Makhleb
  2879 | D:4      | Reached skill level 1 in Invocations
  2975 | D:4      | Reached XP level 7. HP: 29/49 MP: 0/0
  2975 | D:4      | Learned a level 3 spell: Frozen Ramparts
  3387 | D:5      | Entered Level 5 of the Dungeon
  3389 | D:5      | Found a shadowy altar of Dithmenos.
  3427 | D:5      | Reached skill level 4 in Spellcasting
  3549 | D:5      | Reached XP level 8. HP: 56/56 MP: 0/0
  3601 | D:5      | Found a sparkling altar of Nemelex Xobeh.
  3601 | D:5      | Found an iron altar of Okawaru.
  3876 | D:5      | Reached ** piety under Makhleb
  4293 | D:6      | Noticed Pikel
  4300 | D:6      | Reached XP level 9. HP: 54/62 MP: 0/0
  4300 | D:6      | Learned a level 3 spell: Portal Projectile
  4304 | D:6      | Killed Pikel
  4305 | D:6      | Reached skill level 5 in Spellcasting
  4414 | D:6      | Noticed Blork the orc
  4420 | D:6      | Banished Blork the orc
  4582 | D:6      | Found a runed translucent door.
  4584 | D:6      | Noticed JanusIIV's ghost (novice MfWr)
  4600 | D:6      | Killed JanusIIV's ghost
  4601 | D:6      | Reached skill level 5 in Fighting
  4601 | D:6      | Reached skill level 5 in Dodging
  4601 | D:6      | Reached skill level 6 in Spellcasting
  4787 | D:6      | Noticed Grinder
  4797 | D:6      | Reached XP level 10. HP: 65/70 MP: 0/0
  4815 | D:6      | Killed Grinder
  4988 | D:7      | Noticed Joseph
  4995 | D:7      | Killed Joseph
  5015 | D:7      | Reached skill level 1 in Armour
  5015 | D:7      | Reached skill level 5 in Invocations
  5015 | D:7      | Reached skill level 1 in Evocations
  5196 | D:7      | Found a staircase to the Ecumenical Temple.
  5203 | Temple   | Entered the Ecumenical Temple
  5738 | D:7      | Identified the ring "Onos" {Fire Int-4 Dex+3 Stlth+}
  5843 | D:8      | Reached *** piety under Makhleb
  5851 | D:8      | Noticed Maurice
  5899 | D:8      | Noticed Psyche
  5975 | D:8      | Killed Psyche
  6106 | D:8      | Maurice changed into Maurice the black bear
  6106 | D:8      | Noticed Maurice
  6108 | D:8      | Killed Maurice the black bear
  6198 | D:8      | Noticed Maggie
  6209 | D:8      | Killed Maggie
  6217 | D:8      | Reached skill level 7 in Spellcasting
  6294 | D:8      | Reached skill level 5 in Axes
  6301 | D:8      | Reached XP level 11. HP: 76/76 MP: 0/0
  6301 | D:8      | Learned a level 4 spell: Dispel Undead
  6340 | D:8      | Found a stormy altar of Qazlal.
  7196 | D:9      | Reached **** piety under Makhleb
  7567 | D:10     | Entered Level 10 of the Dungeon
  7664 | D:10     | Noticed Nergalle
  7678 | D:10     | Banished Nergalle
  7684 | D:10     | Noticed a two-headed ogre
  7710 | D:10     | Killed a two-headed ogre
  7878 | D:10     | Noticed a two-headed ogre
  7884 | D:10     | Killed a two-headed ogre
  7885 | D:10     | Reached XP level 12. HP: 85/85 MP: 0/0
  8002 | D:10     | Reached skill level 8 in Spellcasting
  8070 | D:10     | Found a staircase to the Lair.
  8074 | D:10     | Reached ***** piety under Makhleb
  8372 | D:11     | Noticed a two-headed ogre
  8382 | D:11     | HP: 1/85 [two-headed ogre/+0 giant club (20)]
  8382 | D:11     | Mangled by a two-headed ogre

Illustrated notes

Levels and vault maps discovered:
D:1:      dpeg_arrival_caged_fury, layout_loops_corners,
          shapermc_ecumenical_altar_mp_ritualfount
D:2:      layout_basic, minmay_joined_circles
D:3:      layout_loops_cross, nicolae_overflows_in_rows
D:4:      layout_basic
D:5:      layout_basic, mainiacjoe_overflow_catwalk,
          chequers_temple_overflow_statue_of_worship, minmay_quadrilaterals
D:6:      layout_loops_ring, gammafunk_ghost_grave, st_stairs_8,
          uniq_blork_the_orc, uniq_grinder, uniq_pikel
D:7:      layout_basic, minmay_temple_entry_gardened_gates,
          nicolae_concentric_dashed_squares_mild, kennysheep_generic_room_11,
          uniq_joseph
D:8:      layout_cave_pools, nicolae_qazlal_style_of_elements, nicolae_wwwww,
          uniq_maurice, uniq_psyche, uniq_maggie
D:9:      layout_basic
D:10:     layout_roguey, grunt_lair_entry_orc_guard_hut, uniq_nergalle
D:11:     layout_cave_pods, uniq_erolcha
Temple:   hellmonk_temple_rainy

Skill      XL: |  1  2  3  4  5  6  7  8  9 10 11 12 |
---------------+-------------------------------------+-----
Spellcasting   | 2 3 4 6 7 8 |  8.1
Fighting       | 2 3 4 5 6 7 |  7.1
Axes           | 1 2 3 4 5 |  5.9
Unarmed Combat | 4 |  4.5
Invocations    | 1 2 3 4 5 6 |  6.6
Dodging        | 4 5 6 7 |  7.4
Armour         | 2 4 |  4.2
Evocations     | 2 4 |  4.2

Action                     |  1- 3 |  4- 6 |  7- 9 | 10-12 || total
---------------------------+-------+-------+-------+-------++-------
  Melee: Unarmed           |    53 |       |    23 |    19 ||    95
         Headbutt          |     6 |       |       |       ||     6
         Flail             |     9 |       |       |       ||     9
         Punch             |     2 |     1 |     4 |     5 ||    12
         Hand axe          |    22 |    77 |   107 |   295 ||   501
  Throw: Dart              |     3 |       |       |    15 ||    18
   Cast: Beastly Appendage |    10 |     2 |       |       ||    12
         Slow              |       |     1 |    13 |       ||    14
         Momentum Strike   |       |       |     1 |       ||     1
         Ice Form          |       |       |     3 |     1 ||     4
         Frozen Ramparts   |       |       |     1 |       ||     1
         Portal Projectile |       |       |       |     1 ||     1
 Invoke: Minor Destruction |       |       |     1 |       ||     1
  Evoke: Wand              |       |       |       |     5 ||     5
         Piece from Xom's  |       |       |       |     7 ||     7
    Use: Potion            |       |     3 |       |     1 ||     4
         Scroll            |       |     3 |     3 |    12 ||    18
   Stab: Sleeping          |       |     3 |       |     1 ||     4
         Paralysed         |       |       |       |     1 ||     1
 Armour: Robe              |    10 |    14 |    17 |     9 ||    50
         Skin              |       |       |     5 |     2 ||     7
         Steam dragon scal |       |       |       |    77 ||    77
  Dodge: Dodged            |    44 |    45 |    88 |   292 ||   469
  Block: Kite shield       |       |       |       |    43 ||    43
